 Dungeon Crawl Stone Soup version 0.17-a0-1442-g10bb59b (webtiles) character file.

541 Snupthedog the Skirmisher (level 7, -7/59 HPs)
             Began as a Formicid Abyssal Knight on June 27, 2015.
             Was a Priest of Lugonu.
             Killed by nerve-wracking pain
             ... invoked by Menkaure
              (13 damage)
             ... on level 4 of the Dungeon.
             The game lasted 00:15:01 (3214 turns).

Snupthedog the Skirmisher (Formicid Abyssal Knight) Turns: 3214, Time: 00:15:01

Health: -7/59      AC: 11    Str: 17    XL:     7   Next: 51%
Magic:  8/8        EV:  7    Int: 11    God:    Lugonu [***...]
Gold:   104        SH:  0    Dex: 12    Spells: 0 memorised, 6 levels left

rFire  . . .     SeeInvis +     f - +1 dagger (holy)
rCold  + . .     Clarity  .     l - +0 chain mail
rNeg   . . .     SustAt   .     (no shield)
rPois  .         Gourm    .     (helmet unavailable)
rElec  .         Spirit   .     (no cloak)
rCorr  .         Warding  .     n - -1 pair of gloves (curse)
rMut   .         Stasis   +     o - +0 pair of boots
MR     .....                    (no amulet)
Stlth  ..........               (no ring)
                                q - ring of protection from cold

@: not resistant to hostile enchantments, extremely unstealthy
A: permanent stasis, dig shafts and tunnels, four strong arms, antennae 3
a: Dig, Shaft Self, Depart the Abyss, Bend Space, Banish, Renounce Religion


You were on level 4 of the Dungeon.
You worshipped Lugonu.
Lugonu was most pleased with you.
You were not hungry.

You visited 1 branch of the dungeon, and saw 4 of its levels.
You visited the Abyss 1 time.

You collected 104 gold pieces.

Inventory:

Hand weapons
 a - a +1 spear
 f - a +1 dagger of holy wrath (weapon)
 h - a +2 dagger of venom
Armour
 l - a +0 chain mail (worn)
 n - a cursed -1 pair of gloves (worn)
 o - a +0 pair of boots (worn)
Jewellery
 q - a ring of protection from cold (left hand)
Scrolls
 d - a scroll of magic mapping
Potions
 e - a potion of brilliance
 g - 2 potions of lignification
 i - a potion of degeneration
 j - 2 potions of resistance
 m - a potion of curing
 p - a potion of magic {unknown}
 s - a potion of heal wounds {unknown}
Comestibles
 b - 2 meat rations
 c - 4 bread rations
 k - 3 fruits


   Skills:
 * Level 6.4 Fighting
 * Level 3.3 Polearms
 * Level 5.5 Armour
 - Level 1.1 Dodging
 + Level 1.0 Stealth
 - Level 2.1 Invocations


You had 6 spell levels left.
You didn't know any spells.

Dungeon Overview and Level Annotations

Branches:
Dungeon (4/15)
 Temple: D:4-7

Altars:
Ashenzari
Fedhas
Gozag
Kikubaaqudgha
Okawaru
Qazlal
Trog

Shops:
D:4 =

Annotations:
D:3 HEYYEYAAE's ghost, average HuAE
D:4 Menkaure


Innate Abilities, Weirdness & Mutations

You are under a permanent stasis effect.
You can dig through walls and to a lower floor.
Your four strong arms can wield two-handed weapons with a shield.
You have a pair of large antennae on your head (SInv).


Message History

Drink which item? (? for menu, Esc to quit)
You feel better. The bat hits you but does no damage.
The bat barely misses you.
Menkaure calls on the powers of darkness!
Your body is wracked with pain!
* * * LOW HITPOINT WARNING * * *
You barely miss Menkaure.
Menkaure is almost destroyed.
The bat barely misses you. The bat hits you but does no damage.
Menkaure calls on the powers of darkness!
Your body is wracked with pain!
* * * LOW HITPOINT WARNING * * *
You barely miss Menkaure.
Menkaure is almost destroyed.
The bat completely misses you.
You hit Menkaure but do no damage.
Menkaure is almost destroyed.
Menkaure points at you and mumbles some strange words.
Pain shoots through your body!
You die...

..###.#.#.##...# ### ..#
#.#.#.##...# .##
#...#.##....
#########.####### ....#
#......# ....# #......#
...[###......# ### ##
......+......####.# ..
.....##.......##@###.#..#
####.##........b.M......#
# #.#######.#######'##.#
####.#######.# .#
.............# #
†##########..# †# #..# .#
#..# .# #..#


You could see Menkaure and a bat.

Vanquished Creatures
  A phantom (D:4)
  An ogre (D:4)
  2 orc priests (D:4)
  A hound (D:4)
  3 orc wizards (D:4)
  3 gnolls (D:2)
  5 adders
  An ooze (D:2)
  6 worms
  3 giant geckos
  8 orcs (D:4)
  6 bats
  11 goblins
  11 hobgoblins
  8 jackals
  4 kobolds
  3 quokkas
  3 giant cockroaches
  2 giant newts
  A jackal skeleton (D:4)
  9 rats
  A plant (D:4)
93 creatures vanquished.

Notes
Turn   | Place    | Note
--------------------------------------------------------------
     0 | Abyss:1  | Snupthedog the Formicid Abyssal Knight began the quest for the Orb.
     0 | Abyss:1  | Reached XP level 1. HP: 18/18 MP: 2/2
   109 | Abyss:1  | Noticed a neqoxec
   111 | D:1      | Escaped the Abyss
   141 | D:1      | Reached skill level 1 in Dodging
   170 | D:1      | Reached XP level 2. HP: 22/24 MP: 3/3
   218 | D:1      | Acquired Lugonu's first power
   605 | D:1      | Reached XP level 3. HP: 25/30 MP: 4/4
   638 | D:1      | You fall through a shaft!
   686 | D:2      | Reached skill level 4 in Fighting
   868 | D:2      | Reached XP level 4. HP: 22/38 MP: 5/5
  1381 | D:2      | Reached XP level 5. HP: 41/43 MP: 6/6
  1502 | D:2      | Acquired Lugonu's second power
  1637 | D:2      | Reached skill level 5 in Fighting
  1924 | D:3      | Found a stormy altar of Qazlal.
  1992 | D:3      | Noticed HEYYEYAAE's ghost (average HuAE)
  2032 | D:4      | Found an opulent altar of Gozag.
  2134 | D:4      | Noticed an ogre
  2146 | D:4      | Reached XP level 6. HP: 41/51 MP: 7/7
  2154 | D:4      | Killed an ogre
  2388 | D:4      | Found a shattered altar of Ashenzari.
  2440 | D:4      | Acquired Lugonu's third power
  2446 | D:4      | Reached XP level 7. HP: 48/57 MP: 8/8
  2583 | D:4      | Reached skill level 6 in Fighting
  2583 | D:4      | Reached skill level 5 in Armour
  2746 | D:4      | Found a blossoming altar of Fedhas.
  2763 | D:4      | Found an iron altar of Okawaru.
  2764 | D:4      | Found a bloodstained altar of Trog.
  2853 | D:4      | Found an ancient bone altar of Kikubaaqudgha.
  2875 | D:4      | Noticed a phantom
  2946 | D:4      | Found Venea's Jewellery Boutique.
  2983 | D:4      | Killed a phantom
  2983 | D:4      | Reached skill level 1 in Stealth
  3193 | D:4      | Noticed Menkaure
  3214 | D:4      | Killed from afar by Menkaure

Vault maps used:
D:1:      dpeg_arrival_connections, evilmike_ruin_ashenzari
D:2:      patterned_corridor
D:3:      nicolae_overflow_hidden_temple, first_bread, grunt_qazlal_sundering
D:4:      grunt_temple_overflow_bloody_war, lemuel_crystal_altar,
          kiku_gazebo_garden_becter, old_standard_altar, serial_shops,
          shop_fountains, hangedman_abyss_or_decor_stabs, serial_park_tiny_2,
          minivault_25, grunt_gozag_breadcrumbs, uniq_menkaure

Action                   |  1- 3 |  4- 6 |  7- 9 || total
-------------------------+-------+-------+-------++-------
Melee: Spear             |    42 |       |       ||    42
       Dagger            |    61 |   189 |   129 ||   379
Invok: Depart the Abyss  |     1 |       |       ||     1
 Abil: Dig               |     3 |     6 |     1 ||    10
  Use: Scroll            |       |     8 |       ||     8
       Potion            |       |       |     2 ||     2
  Eat: Chunk             |       |     5 |       ||     5
       Bread ration      |       |     1 |       ||     1
